 Dungeon Crawl Stone Soup version 0.20-a0-217-g17e8ceb (webtiles) character file.

88 KristoblXynda the Sneak (level 4, 0/21 HPs)
             Began as a Spriggan Conjurer on Nov 28, 2016.
             Succumbed to an adder's poison
             ... on level 1 of the Dungeon.
             The game lasted 00:06:14 (2648 turns).

KristoblXynda the Sneak (Spriggan Conjurer)         Turns: 2648, Time: 00:06:16

Health: 0/21       AC:  5    Str:  4    XL:     4   Next: 30%
Magic:  5/11       EV: 18    Int: 17    God:
Gold:   88         SH:  0    Dex: 16    Spells: 7/11 levels left

rFire  . . .     SeeInvis +     e - +0 dagger
rCold  . . .     Gourm    .     a - +0 robe
rNeg   . . .     Faith    .     (shield restricted)
rPois  .         Spirit   .     (helmet restricted)
rElec  .         Reflect  .     i - +2 cloak
rCorr  .         Harm     .     (gloves unavailable)
MR     .....                    (boots unavailable)
Stlth  +++.......               (no amulet)
                                (no ring)
                                (no ring)

@: lethally poisoned (0 -> -7), flying, very quick
A: unfitting armour, see invisible, herbivore 3, speed 3, slow metabolism 2
a: no special abilities


You were on level 1 of the Dungeon.
You were not hungry.

You visited 1 branch of the dungeon, and saw 2 of its levels.

You collected 88 gold pieces.

Inventory:

Hand Weapons
 e - a +0 dagger (weapon)
Missiles
 d - 6 tomahawks of returning (quivered)
Armour
 a - a +0 robe (worn)
 i - a +2 cloak (worn)
Scrolls
 f - 2 scrolls of teleportation {unknown}
 g - a scroll of amnesia {unknown}
Books
 b - a book of Conjurations

   Spells                             Type                      Level
   a - Magic Dart                     Conjuration                  1
   b - Searing Ray                    Conjuration                  2
   c - Dazzling Spray                 Conjuration/Hexes            3
   d - Fulminant Prism                Conjuration/Hexes            4
   e - Iskenderun's Mystic Blast      Conjuration                  4
   f - Iskenderun's Battlesphere      Conjuration/Charms           5
Comestibles
 c - 3 bread rations


   Skills:
 - Level 3.0 Dodging
 + Level 4.7 Stealth
 + Level 4.0 Spellcasting
 + Level 3.3 Conjurations
 + Level 1.2 Hexes


You had 7 spell levels left.
You knew the following spells:

 Your Spells              Type           Power        Failure   Level  Hunger
a - Magic Dart            Conj           ##..         4%          1    None
b - Dazzling Spray        Conj/Hex       ##....       21%         3    ###....


Dungeon Overview and Level Annotations

Branches:
Dungeon (2/15)

Altars:

Annotations:
D:2 Jessica


Innate Abilities, Weirdness & Mutations

You are very small and have problems with some larger weapons.
You are too small for most types of armour.
You have supernaturally acute eyesight. (SInv)
You are a herbivore.
You cover ground extremely quickly.
You need consume almost no food.


Message History

You feel sick.
You see here 2 stones.
* * * LOW HITPOINT WARNING * * *
You feel sick.
* * * LOW HITPOINT WARNING * * *
You feel sick.
There is a stone staircase leading up here.
* * * LOW HITPOINT WARNING * * *
You feel sick.
You fly upwards.
* * * LOW HITPOINT WARNING * * *
You feel sick.
There is a stone staircase leading down here.
You start eating one of the 3 bread rations.
Keep eating?
You continue eating.
* * * LOW HITPOINT WARNING * * *
You feel sick.
You continue eating.
You die...

#.#...## #.# #.##.## #.#
#.##.# #.# #.##.# #.#
#.##.# ######.# #.##.##
#......####### #.#...##
#.#######....#
#......#####.####.......###
#....K....@..........##....
#........)##.####.#####....
###...###...)# #[# #####
##### #..### #.# #..# #.#
#>.# #.# #..# #.##### #..#
#.....# #..# #####.##


You could see a kobold (wandering).

Vanquished Creatures
  Ijyb (D:2)
  2 adders (D:2)
  4 dart slugs
  A leopard gecko (D:1)
  4 bats
  3 giant cockroaches
  4 goblins
  5 hobgoblins
  2 frilled lizards (D:1)
  6 kobolds
  6 rats
38 creatures vanquished.

Notes
Turn   | Place    | Note
-------+----------+-------------------------------------------
     0 | D:1      | KristoblXynda the Spriggan Conjurer began the quest for the Orb.
     0 | D:1      | Reached XP level 1. HP: 9/9 MP: 5/5
   600 | D:1      | Reached XP level 2. HP: 10/13 MP: 2/7
  1229 | D:1      | Reached XP level 3. HP: 16/16 MP: 5/9
  1234 | D:1      | Learned a level 3 spell: Dazzling Spray
  1771 | D:2      | Noticed Jessica
  2231 | D:2      | Noticed Ijyb
  2258 | D:2      | Killed Ijyb
  2258 | D:2      | Reached XP level 4. HP: 13/21 MP: 0/10
  2440 | D:2      | Reached skill level 1 in Hexes
  2647 | D:1      | HP: 1/21 [poisoned by an adder]
  2648 | D:1      | Succumbed to an adder's poison

Vault maps used:
D:1:      minmay_arrival_floating_metal
D:2:      nicolae_overflow_crystal_walls, first_bread, uniq_jessica, uniq_iyjb

Skill      XL: |  1  2  3  4 |
---------------+-------------+-----
Spellcasting   | 3 4 |  4.0
Conjurations   | 3 |  3.3
Stealth        | 4 |  4.7
Hexes          | 1 |  1.2
Dodging        | |  3.0

Action                   |  1- 3 |  4- 6 || total
-------------------------+-------+-------++-------
Melee: Unarmed           |     8 |       ||     8
       Dagger            |    42 |    36 ||    78
 Cast: Magic Dart        |    71 |    20 ||    91
  Use: Potion            |       |     1 ||     1
 Stab: Sleeping          |     3 |       ||     3
Armor: Robe              |     2 |     2 ||     4
Dodge: Dodged            |    47 |    33 ||    80
